 Dungeon Crawl Stone Soup version 0.26.0-45-g9c1d065592 (webtiles) character file.

Game seed: 537717991842117012

1201 kaeus the Covert (level 8, -1/69 HPs)
             Began as an Octopode Enchanter on Jan 27, 2021.
             Slain by a gnoll
             ... wielding a +0 spear
              (8 damage)
             ... on level 5 of the Dungeon.
             The game lasted 00:09:09 (6535 turns).

kaeus the Covert (Octopode Enchanter)               Turns: 6535, Time: 00:09:10

Health: -1/69      AC:  1    Str:  7    XL:     8   Next: 44%
Magic:  12/14      EV: 15    Int: 17    God:
Gold:   277        SH:  0    Dex: 15    Spells: 9/15 levels left

rFire    . . .     SeeInvis .   a - +1 dagger
rCold    . . .     Faith    .   (no shield)
rNeg     . . .     Spirit   .   (helmet restricted)
rPois    +         Reflect  .   (no amulet)
rElec    .         Harm     .   d - ring of poison resistance
rCorr    .         Rampage  .   (no ring)
Will     .....                  (no ring)
Stlth    ..........             (no ring)
HPRegen  0.21/turn              (no ring)
MPRegen  0.14/turn              (no ring)
                                (no ring)
                                (no ring)

@: berserking, very quick
A: almost no armour, stealthy swim, amphibious, 8 rings, constrict 8, camouflage
1, gelatinous body 1
a: no special abilities


You were on level 5 of the Dungeon.
You visited 1 branch of the dungeon, and saw 5 of its levels.

You collected 277 gold pieces.

Inventory:

Hand Weapons
 a - a +1 dagger (weapon)
Jewellery
 d - a ring of poison resistance (left tentacle)
Wands
 q - a wand of digging (7)
Scrolls
 b - 2 scrolls of remove curse {unknown}
 c - 4 scrolls of teleportation {unknown}
 j - a scroll of enchant armour {unknown}
 k - a scroll of amnesia {unknown}
 o - a scroll of blinking {unknown}
 p - a scroll of identify {unknown}
Potions
 e - a potion of curing {unknown}
 f - 2 potions of cancellation {unknown}
 g - a potion of lignification {unknown}
 h - a potion of might {unknown}
 i - a potion of mutation {unknown}
 l - a potion of heal wounds {unknown}
 m - a potion of flight {unknown}
 n - a potion of magic {unknown}
 r - a potion of brilliance {unknown}


   Skills:
 + Level 3.9 Short Blades
 + Level 4.3 Dodging
 * Level 9.1 Stealth
 + Level 4.1 Spellcasting
 + Level 4.9 Hexes


You had 9 spell levels left.
You knew the following spells:

 Your Spells              Type           Power        Failure   Level
a - Corona                Hex            22%          1%          1
b - Ensorcelled Hibernat  Hex/Ice        22%          9%          2
c - Confusing Touch       Hex            20%          6%          3

Your spell library contained the following spells:

 Spells                   Type           Power        Failure   Level
 Tukima's Dance           Hex            20%          6%          3
 Dazzling Flash           Conj/Hex       22%          17%         3
 Gell's Gravitas          Tloc           1%           43%         3
 Petrify                  Tmut/Erth      3%           83%         4
 Metabolic Englaciation   Hex/Ice        5%           83%         5
 Yara's Violent Unravell  Hex/Tmut       5%           83%         5


Dungeon Overview and Level Annotations

Branches:
Dungeon (5/15)
 Temple: D:4-7

Altars:
Cheibriados
Nemelex Xobeh
Qazlal
Uskayaw
Wu Jian
Zin

Annotations:
D:4 2 runed translucent doors, kaeus's ghost, amateur OpMo


Innate Abilities, Weirdness & Mutations

You cannot wear most types of armour.
You are very stealthy in the water. (Stealth+)
You are amphibious.
You can wear up to eight rings at the same time.
You can use your tentacles to constrict eight enemies at once.
Your skin changes colour to match your surroundings (Stealth+).
Your rubbery body absorbs attacks. (AC +1, EV +1)


Message History

You are too injured to fight recklessly!
You hit the gnoll. You grab the gnoll.
The gnoll is lightly wounded.
You constrict the gnoll, but do no damage.
The gnoll closely misses you.
You hit the gnoll.
The gnoll is moderately wounded.
You constrict the gnoll.
The gnoll hits you from afar with a +0 spear!
* * * LOW HITPOINT WARNING * * *
You take 7 damage, and have 4/46 hp.
A red film seems to cover your vision as you go berserk!
You feel yourself moving faster!
You feel mighty!
You constrict the gnoll. The gnoll barely misses you. x2
You now have 7/69 hp.
You hit the gnoll.
The gnoll is almost dead.
You constrict the gnoll. The gnoll closely misses you.
The gnoll hits you from afar with a +0 spear!
You die...

#.#.....# #.#.##
#§####..# #.#..#
........# #.#..##
.†#####.# #.#...####
..### .# #.#......#
....# .#
#.##..##.### ..#.#
.# #..........#
#.#.#
#######..#.##.#
#.#.#
#...@gg....##.#
#.#.#
.......######...##.#
..#.# .......
##..##.# ###.#
....... #..##.. #
### ######. #..####
# #. #..# # #. #g.#
# #. #.g## # #.g.#


You could see 2 gnolls.

Vanquished Creatures
  Sigmund (D:2)
  Eustachio (D:5)
  5 ogres
  2 howler monkeys
  A centaur skeleton (D:4)
  3 hounds
  2 worker ants (D:4)
  A howler monkey zombie (D:5)
  Robin (D:2)
  6 gnolls
  2 adders
  A shadow imp (D:5)
  A white imp (D:5)
  An ufetubus (D:5)
  An adder skeleton (D:4)
  A worm (D:2)
  4 dart slugs
  4 leopard geckos
  9 orcs
  7 giant cockroaches
  17 goblins
  6 hobgoblins
  4 jackals (D:3)
  6 kobolds
  3 ball pythons
  11 bats
  5 frilled lizards
  A quokka skeleton (D:4)
  10 rats
117 creatures vanquished.

Vanquished Creatures (others)
  28 plants (D:4)
28 creatures vanquished.

Grand Total: 145 creatures vanquished

Notes
Turn   | Place    | Note
-------+----------+-------------------------------------------
     0 | D:1      | kaeus the Octopode Enchanter began the quest for the Orb.
     0 | D:1      | Reached XP level 1. HP: 11/11 MP: 3/3
   365 | D:1      | Reached XP level 2. HP: 17/17 MP: 5/5
   722 | D:1      | Reached XP level 3. HP: 13/21 MP: 6/6
  1296 | D:1      | Learned a level 2 spell: Ensorcelled Hibernation
  1300 | D:1      | Learned a level 3 spell: Confusing Touch
  1308 | D:2      | Found a sparkling altar of Nemelex Xobeh.
  1320 | D:2      | Found a snail-covered altar of Cheibriados.
  1358 | D:2      | Reached skill level 5 in Stealth
  1441 | D:2      | Noticed Sigmund
  1462 | D:2      | Killed Sigmund
  1463 | D:2      | Reached skill level 6 in Stealth
  1463 | D:2      | Reached XP level 4. HP: 17/27 MP: 5/8
  1463 | D:2      | Reached XP level 5. HP: 19/31 MP: 5/9
  2031 | D:2      | Reached XP level 6. HP: 23/36 MP: 5/10
  2503 | D:2      | Noticed Robin
  3105 | D:2      | Killed Robin
  3624 | D:3      | Found a stormy altar of Qazlal.
  3764 | D:3      | Found a hide-covered altar of Uskayaw.
  4108 | D:3      | Found an ornate altar of the Wu Jian Council.
  4424 | D:4      | Reached skill level 7 in Stealth
  4424 | D:4      | Reached XP level 7. HP: 41/41 MP: 11/11
  5037 | D:4      | Found a runed translucent door.
  5043 | D:4      | Noticed kaeus's ghost (amateur OpMo)
  5096 | D:4      | Found a runed translucent door.
  5224 | D:4      | Found a glowing silver altar of Zin.
  5419 | D:4      | Reached skill level 8 in Stealth
  5511 | D:4      | Reached XP level 8. HP: 46/46 MP: 13/13
  5561 | D:5      | Entered Level 5 of the Dungeon
  5562 | D:5      | Noticed Eustachio
  5571 | D:5      | Killed Eustachio
  5844 | D:5      | Reached skill level 9 in Stealth
  6535 | D:5      | Slain by a gnoll

Illustrated notes

Levels and vault maps discovered:
D:1:      saegor_arrival_simple_c, layout_basic
D:2:      layout_basic, nemelex_xobeh_ov_fountains_minmay, cheibriados_altar_1,
          uniq_robin, uniq_sigmund
D:3:      layout_rooms, eat_drink_and_be_merry_uskayaw,
          lemuel_coloured_pillars_altar, nicolae_qazlal_general_emergency
D:4:      minmay_diamond_boxcup, layout_rooms, zin_academy, serial_bayou,
          serial_bayou_shore_a, serial_bayou_lake_a, serial_bayou_pond_d,
          serial_bayou_ford_a, ebering_ghost_sewer_f
D:5:      layout_basic, chequers_temple_overflow_minitemple,
          gammafunk_ghost_smash, feat_on_display, uniq_eustachio, uniq_ijyb

Skill      XL: |  1  2  3  4  5  6  7  8 |
---------------+-------------------------+-----
Stealth        | 6 7 8 9 |  9.1
Short Blades   | 2 3 |  3.9
Dodging        | 3 4 |  4.3
Spellcasting   | 3 4 |  4.1
Hexes          | 4 |  4.9

Action                   |  1- 3 |  4- 6 |  7- 9 || total
-------------------------+-------+-------+-------++-------
Melee: Dagger            |    90 |   114 |    77 ||   281
       Constrict         |    18 |    30 |    10 ||    58
       Tentacles         |     8 |    21 |    14 ||    43
 Cast: Ensorcelled Hiber |     1 |    13 |    11 ||    25
       Confusing Touch   |       |       |     1 ||     1
  Use: Potion            |       |       |     1 ||     1
 Stab: Sleeping          |    10 |    17 |    21 ||    48
Armor: Skin              |    13 |    12 |     4 ||    29
Dodge: Dodged            |    52 |    87 |    36 ||   175
